 Dungeon Crawl Stone Soup version 0.27-a0-1232-gc6a4cbde82 (webtiles) character file.

Game seed: 3286671112832942707

1124 ZappyNine the Skirmisher (level 8, -3/64 HPs)
             Began as a Formicid Abyssal Knight on June 8, 2021.
             Was an Elder of Lugonu.
             Slain by a troll zombie (7 damage)
             ... in an ossuary.
             The game lasted 00:07:08 (5142 turns).

ZappyNine the Skirmisher (Formicid Abyssal Knight)  Turns: 5142, Time: 00:07:09

Health: -3/64      AC:  2    Str: 20 (21) XL:     8   Next: 61%
Magic:  12/12      EV: 12    Int: 14 (15) God:    Lugonu [****..]
Gold:   217        SH:  0    Dex:  8 (10) Spells: 7/7 levels left

rFire    . . .     SeeInvis +   c - +5 dagger "Udeo" {freeze, rPois Int+3}
rCold    . . .     Faith    .   (no shield)
rNeg     . . .     Spirit   .   b - +0 leather armour
rPois    +         Reflect  .   (helmet unavailable)
rElec    .         Harm     .   (no cloak)
rCorr    .         Rampage  .   (no gloves)
Will     .....                  (no boots)
Stlth    +.........             k - amulet of regeneration
HPRegen  1.20/turn              (no ring)
MPRegen  0.13/turn              (no ring)

@: no status effects
A: permanent stasis, dig shafts and tunnels, antennae 3, four strong arms,
talons 1, deformed body, deterioration 1, strong 1
a: Dig, Renounce Religion, Depart the Abyss, Bend Space, Banish, Corrupt


You were in an ossuary.
You worshipped Lugonu.
Lugonu was greatly pleased with you.
You visited 1 branch of the dungeon, and saw 6 of its levels.
You visited the Abyss 1 time.
You also visited: Ossuary.

You collected 217 gold pieces.

Inventory:

Hand Weapons
 a - a +1 falchion
 c - the +5 dagger "Udeo" (weapon) {freeze, rPois Int+3}
   (You found it on level 5 of the Dungeon)

   It has been specially enchanted to freeze those struck by it, causing extra
   injury to most foes and up to half again as much damage against particularly
   susceptible opponents.
   It can also slow down cold-blooded creatures.
   It affects your intelligence (+3).
   It protects you from poison.
Armour
 b - a +0 leather armour (worn)
 p - a +0 scale mail
 s - a +1 plate armour
Jewellery
 f - a ring of ice
 k - an amulet of regeneration (around neck)
Wands
 h - a wand of polymorph (9)
Scrolls
 e - 2 scrolls of enchant armour
 g - 7 scrolls of identify
Potions
 d - a potion of magic
 o - a potion of flight


   Skills:
 + Level 5.8 Fighting
 + Level 4.8 Long Blades
 + Level 5.2 Armour
 - Level 3.3 Dodging
 + Level 5.6 Invocations


You had 7 spell levels left.
You didn't know any spells.
Your spell library contained the following spells:

 Spells                   Type           Power      Damage    Failure   Level
 Summon Small Mammal      Summ           0%         N/A       32%         1
 Call Imp                 Summ           0%         N/A       45%         2
 Call Canine Familiar     Summ           0%         N/A       69%         3
 Summon Guardian Golem    Hex/Summ       0%         N/A       69%         3
 Summon Ice Beast         Ice/Summ       0%         N/A       97%         4
 Summon Lightning Spire   Summ/Air       0%         N/A       97%         4
 Bolt of Magma            Conj/Fire/Erth 0%         4d4       100%        5
 Iskenderun's Battlesphe  Conj           0%         2d6       100%        5
 Iron Shot                Conj/Erth      0%         9d1       100%        6
 Orb of Destruction       Conj           0%         N/A       100%        7
 Spellforged Servitor     Conj/Summ      0%         N/A       100%        7


Dungeon Overview and Level Annotations

Branches:
Dungeon (6/15)             Temple (0/1) D:4         Ossuary (1/1)

Altars:
Hepliaklqana
Makhleb
Qazlal
Sif Muna
Uskayaw
Vehumet
The Shining One

Annotations:
D:4 2 transporters, jejorda2's ghost, amateur MfBe
D:5 2 transporters, Nolbo's ghost, amateur NaIE


Innate Abilities, Weirdness & Mutations

You cannot be hasted, slowed, berserked, paralysed or teleported.
You can dig through walls and to a lower floor.
You have a pair of large antennae on your head. (SInv)
Your four strong arms can wield two-handed weapons with a shield.
You have sharp toenails.
Armour fits poorly on your strangely shaped body.
Your body sometimes deteriorates upon taking damage.
Your muscles are strong. (Str +2)


Message History

The troll zombie barely misses you.
You hit the troll zombie. You claw the troll zombie.
The troll zombie is moderately damaged.
The troll zombie bites you!
Your body deteriorates!
You feel dopey. The troll zombie claws you!
The troll zombie claws you but does no damage.
You are too injured to fight recklessly!
You are too injured to fight recklessly!
You are too injured to fight recklessly!
You are too injured to fight recklessly!
You are too injured to fight recklessly!
You are too injured to fight recklessly!
You are too injured to fight recklessly!
You are too injured to fight recklessly!
You are too injured to fight recklessly!
You are too injured to fight recklessly!
You are too injured to fight recklessly!
A troll zombie is nearby!
You are too injured to fight recklessly!
You are too injured to fight recklessly!
You hit the troll zombie but do no damage.
You claw the troll zombie.
The troll zombie is moderately damaged.
You hit the troll zombie. You claw the troll zombie.
The troll zombie is heavily damaged.
The troll zombie bites you!
* * * LOW HITPOINT WARNING * * *
The troll zombie claws you!
* * * LOW HITPOINT WARNING * * *
Your body deteriorates!
You feel weakened. The troll zombie closely misses you.
Unknown command.
Unknown command.
Okay, then.
Press: ? - help, Shift-Dir - straight line, f - troll zombie
Aim: a troll zombie (heavily damaged, chance to affect: 89%)
You fail to use your ability.
The troll zombie barely misses you. The troll zombie claws you!
You die...

#..#{ #....#....#..
#..# ############# #..#
#.. #..+ #.. #..#
...!!?...#.. #..#
..?!$!!..#..
#..########..!$∩$!..###
#..'.#....#..=?M??..#..
#..#.'@Z..#...?M?...#..
#..#.#....#....{.M..#..
#..###....#.......M.#..
#..'.#############M####
#..#.#....#....#..M.#..
#..#.'....#....#....#..
#..###....#....#....#..
#..'.#....#....#....#..
#..#.#########'###'####


You could see a troll zombie.

Vanquished Creatures
  A sky beast (D:6)
  An ogre (D:6)
  A centaur (D:5)
  A bullfrog (D:6)
  2 scorpions (D:5)
  A centaur zombie (Ossuary)
  A centaur skeleton (D:5)
  4 hounds
  A jelly (D:5)
  3 orc wizards (D:6)
  2 iguanas
  3 ogre zombies (Ossuary)
  2 howler monkey zombies (D:5)
  7 mummies (Ossuary)
  7 adders
  A white imp (D:6)
  An ufetubus (D:4)
  6 adder zombies (Ossuary)
  An adder skeleton (D:4)
  A worm (D:4)
  5 orcs (D:6)
  10 ball pythons
  3 bats (D:2)
  3 endoplasms
  3 giant cockroaches
  4 goblins
  10 hobgoblins
  6 jackals (D:2)
  4 quokkas
  3 goblin zombies (Ossuary)
  2 hobgoblin zombies (Ossuary)
  6 kobolds
  A kobold zombie (Ossuary)
  3 quokka zombies (Ossuary)
  9 rats
  6 rat zombies (Ossuary)
125 creatures vanquished.

Vanquished Creatures (others)
  6 plants (D:5)
6 creatures vanquished.

Grand Total: 131 creatures vanquished

Notes
Turn   | Place    | Note
-------+----------+-------------------------------------------
     0 | Abyss:1  | ZappyNine the Formicid Abyssal Knight began the quest for
                  | the Orb.
     0 | Abyss:1  | Reached XP level 1. HP: 18/18 MP: 2/2
    50 | D:1      | Escaped the Abyss
   113 | D:1      | Reached skill level 1 in Dodging
   287 | D:1      | Reached XP level 2. HP: 20/24 MP: 3/3
   901 | D:2      | Reached ** piety under Lugonu
   902 | D:2      | Reached XP level 3. HP: 20/29 MP: 4/4
  1394 | D:2      | Found a faded altar of an unknown god.
  1561 | D:2      | Reached XP level 4. HP: 37/37 MP: 6/6
  2224 | D:3      | You fall into a shaft and drop 2 floors!
  2224 | D:5      | Entered Level 5 of the Dungeon
  2253 | D:4      | Reached XP level 5. HP: 42/42 MP: 7/7
  2396 | D:4      | Found a staircase to the Ecumenical Temple.
  2444 | D:3      | Found a glowing golden altar of the Shining One.
  2500 | D:4      | Noticed jejorda2's ghost (amateur MfBe)
  2501 | D:4      | Found a transporter.
  2501 | D:4      | Noticed a necrophage
  2825 | D:4      | Found a transporter.
  2931 | D:5      | Noticed a centaur
  2941 | D:5      | Found a transporter.
  2942 | D:5      | Found a transporter.
  2951 | D:5      | Gained mutation: You have sharp toenails. [potion of
                  | mutation]
  2951 | D:5      | Gained mutation: Armour fits poorly on your strangely
                  | shaped body. [potion of mutation]
  2951 | D:5      | Gained mutation: Your body sometimes deteriorates upon
                  | taking damage. [potion of mutation]
  2951 | D:5      | Gained mutation: Your muscles are strong. (Str +2) [potion
                  | of mutation]
  2961 | D:5      | Killed a centaur
  2962 | D:5      | Reached XP level 6. HP: 47/49 MP: 8/8
  3355 | D:5      | Reached XP level 7. HP: 49/55 MP: 10/10
  3513 | D:5      | HP: 1/55 [hound (5)]
  3515 | D:5      | Reached *** piety under Lugonu
  3629 | D:5      | Noticed Nolbo's ghost (amateur NaIE)
  3640 | D:5      | Identified the ring "Xyawaoh" {rN+ rCorr Str+4 Slay+4}
  3856 | D:5      | Reached skill level 5 in Fighting
  4010 | D:5      | Identified the +5 dagger "Udeo" {freeze, rPois Int+3}
  4251 | D:6      | Found a burning altar of Makhleb.
  4404 | D:6      | Reached skill level 5 in Invocations
  4404 | D:6      | Reached XP level 8. HP: 52/62 MP: 11/11
  4438 | D:6      | Found a radiant altar of Vehumet.
  4441 | D:6      | Found a shimmering blue altar of Sif Muna.
  4442 | D:6      | Found a hide-covered altar of Uskayaw.
  4442 | D:6      | Found a stormy altar of Qazlal.
  4444 | D:6      | Found a hazy altar of Hepliaklqana.
  4551 | D:6      | Found a sand-covered staircase.
  4651 | Ossuary  | Entered an ossuary
  4731 | Ossuary  | Reached skill level 5 in Armour
  5059 | Ossuary  | Reached **** piety under Lugonu
  5141 | Ossuary  | HP: 3/64 [troll zombie (11)]
  5142 | Ossuary  | Slain by a troll zombie

Illustrated notes

Levels and vault maps discovered:
D:1:      dpeg_arrival_shelter, layout_rooms
D:2:      layout_loops_corners, chequers_ecumenical_altar_simple,
          minmay_pentomino_u4
D:3:      layout_rooms, lemuel_doored_altar, hex_medium, minmay_misc_feat_square
D:4:      layout_cave_pools, temple_statues, gammafunk_ghost_mausoleum,
          nicolae_underground_beach
D:5:      layout_basic, gammafunk_ghost_gnarly_gnolls, kennysheep_generic_room_7
D:6:      layout_loops_corners, lemuel_round_altar, minitemple,
          chequers_ossuary_entry_cave
Ossuary:  ossuary_boxes_badplayer

Skill      XL: |  1  2  3  4  5  6  7  8 |
---------------+-------------------------+-----
Dodging        | 1 2 3 |  3.3
Invocations    | 3 4 5 |  5.6
Armour         | 3 4 5 |  5.2
Fighting       | 4 5 |  5.8
Long Blades    | 3 4 |  4.8

Action                   |  1- 3 |  4- 6 |  7- 9 || total
-------------------------+-------+-------+-------++-------
Melee: Falchion          |   106 |   155 |    36 ||   297
       Kick              |       |    12 |    87 ||    99
       Dagger            |       |       |   208 ||   208
Invok: Bend Space        |       |     1 |       ||     1
 Abil: Dig               |     1 |     6 |     4 ||    11
  Use: Potion            |       |     7 |     4 ||    11
       Scroll            |       |       |     7 ||     7
Armor: Leather armour    |    42 |    20 |    11 ||    73
       Scale mail        |       |    40 |       ||    40
       Skin              |       |    34 |     9 ||    43
       Plate armour      |       |    16 |       ||    16
Dodge: Dodged            |    75 |    88 |    89 ||   252
       Rpst.: Falchion   |    24 |    25 |     6 ||    55

Table legend: (Time is in decaauts)
 A = Elapsed time spent in this place.
 B = Non-inter-level travel time spent in this place.
 C = Inter-level travel time spent in this place.
 D = Time resting spent in this place.
 E = Time spent auto-exploring this place.
 F = Levels seen in this place.
 G = Mean time per level.
                   A        B        C        D        E       F      G
               +--------+--------+--------+--------+--------+-----+--------+
         Total |   5167 |   4991 |    176 |    730 |   3075 |   8 |  645.9 |
       Dungeon |   4646 |   4470 |    176 |    688 |   2873 |   6 |  774.3 |
         Abyss |     50 |     50 |      0 |      0 |      0 |   1 |   50.0 |
       Ossuary |    471 |    471 |      0 |     42 |    202 |   1 |  471.0 |
               +--------+--------+--------+--------+--------+-----+--------+

Top non-repeatable levels by time:
     D:2: 1182 daAuts
     D:5: 1179 daAuts
     D:1: 677 daAuts
     D:4: 610 daAuts
     D:6: 577 daAuts
 Ossuary: 471 daAuts
     D:3: 418 daAuts
 Abyss:1: 50 daAuts
